 Dungeon Crawl Stone Soup version 0.31-a0-177-g4aa6249778 (webtiles) character file.

Game seed: 888037041927244686

91 qw the Chopper (level 4, 0/28 HPs)
             Began as a Gargoyle Fighter on June 18, 2023.
             Slain by Eustachio
             ... wielding a +0 rapier
              (2 damage)
             ... on level 4 of the Dungeon.
             The game lasted 00:01:02 (2231 turns).

qw the Chopper (Gargoyle Fighter)                   Turns: 2231, Time: 00:01:03

Health: 0/28       AC: 13    Str: 21    XL:     4   Next: 59%
Magic:  4/4        EV:  7    Int:  9    God:
Gold:   208        SH:  4    Dex:  9    Spells: 3/3 levels left

rFire   . . .        Y - +0 war axe
rCold   . . .        c - +0 buckler
rNeg    + . .        e - +0 chain mail
rPois   inf          m - +0 helmet
rElec   +            (no cloak)
rCorr   .            (no gloves)
SInv    .            (no boots)
Will    .....        (no amulet) Stlth
                     (no ring)
HPRegen 0.24/turn    (no ring)
MPRegen 0.09/turn

%: no passive effects
@: no status effects
A: sickness immunity, AC +3, negative energy resistance 1, electricity
resistance, torment resistance 1, petrification resistance
a: no special abilities


You were on level 4 of the Dungeon.
You visited 1 branch of the dungeon, and saw 4 of its levels.

You collected 208 gold pieces.


Innate Abilities, Weirdness & Mutations

You are immune to sickness and miasma.
Your stone body is resilient. (AC +3)
You are immune to poison.
You resist negative energy. (rN+)
You are resistant to electric shocks. (rElec)
You are resistant to unholy torment.
You are immune to petrification.


   Skills:
 - Level 3.2 Fighting
 + Level 4.2 Axes
 - Level 3.2 Armour
 - Level 3.2 Shields


You had 3 spell levels left.
You didn't know any spells.
Your spell library was empty.

Inventory:

Hand Weapons
 g - a +0 mace
 Y - a +0 war axe (weapon)
Armour
 c - a +0 buckler (worn)
 e - a +0 chain mail (worn)
 m - a +0 helmet (worn)
Scrolls
 h - a scroll of identify
Potions
 a - 2 potions of curing
 d - a potion of might
 f - a potion of mutation {unknown}
 i - a potion of invisibility {unknown}
 j - a potion of heal wounds {unknown}
 k - a potion of resistance
 n - a potion of lignification {unknown}

Dungeon Overview and Level Annotations

Branches:
Dungeon (4/15)
 Temple: D:4-7

Altars:
Elyvilon

Shops:
D:3 [

Annotations:
D:4 Eustachio


Message History

There is a stone staircase leading down here.
You climb downwards.
There is a stone staircase leading up here.
Waypoint 3 assigned to D:4.
You now have enough gold to buy a shiny scale mail on D:3.
You can access your shopping list by pressing '$'.
You now have 196 gold pieces (gained 12).
You now have 208 gold pieces (gained 12).
An ogre comes into view. It is wielding a +0 giant club.
The ogre shouts!
A hound comes into view.
The hound barks!
You barely miss the hound. The hound bites you but does no damage.
The hound closely misses you.
Eustachio the Magnificent comes into view.
He is wielding a +0 rapier.
You closely miss the hound. The hound closely misses you.
Eustachio drinks a potion.
Eustachio suddenly seems more resistant.
The hound bites you.
You hit the hound.
The hound is moderately wounded.
The hound bites you but does no damage. x2
Eustachio hits you but does no damage.
You hit the hound.
The hound is moderately wounded.
You barely miss the ogre. You miss Eustachio.
The hound bites you but does no damage. x2; Eustachio closely misses you.
The ogre hits you with a +0 giant club!
You barely miss the hound.
The hound is moderately wounded.
You barely miss the ogre. You hit Eustachio but do no damage.
The hound bites you. You block Eustachio's attack. The hound barely misses you.
The ogre barely misses you.
You hit the hound but do no damage.
The hound is moderately wounded.
You hit the ogre. You closely miss Eustachio.
The hound bites you but does no damage. Eustachio hits you with a +0 rapier!
The hound closely misses you. The ogre barely misses you.
Eustachio hits you with a +0 rapier.
You die...

#.# #.#
#.### #...
#### #..#
#...##..##
#....@hO.#
#...##@# #
#...# .###
#.#####...
#...#...
##..#.#
#....#
#.#.##
#.#.######.#
#.#...<....#


You could see Eustachio (resistant), an ogre and a hound.

Vanquished Creatures
  2 adders (D:3)
  2 worms (D:2)
  3 dart slugs
  8 endoplasms
  2 giant cockroaches (D:2)
  6 goblins
  5 hobgoblins
  8 kobolds
  A quokka (D:2)
  3 ball pythons
  6 bats
  2 frilled lizards
  9 rats
57 creatures vanquished.

Notes
Turn   | Place    | Note
-------+----------+-------------------------------------------
     0 | D:1      | qw the Gargoyle Fighter began the quest for the Orb.
     0 | D:1      | Reached XP level 1. HP: 14/14 MP: 1/1
     0 | D:1      | 0 ||| qw: Version: 0.3-a-5-g6f28e65
     0 | D:1      | 0 ||| qw: Game counter: 607
     0 | D:1      | 0 ||| qw: Always use a shield: true
     0 | D:1      | 0 ||| qw: God list: Okawaru
     0 | D:1      | 0 ||| qw: Allow faded altars: false
     0 | D:1      | 0 ||| qw: Do Orc after D:15 true
     0 | D:1      | 0 ||| qw: Do second Lair branch before Depths: true
     0 | D:1      | 0 ||| qw: Lair rune preference: random
     0 | D:1      | 0 ||| qw: Plans: Normal, Zot:1-4, Slime:5, God:TSO, Crypt,
                  | Tomb, Abyss, Pan, Hells, Win
     0 | D:1      | 0 ||| PLANNING D:1-11
    63 | D:1      | Reached skill level 2 in Axes
   162 | D:1      | Reached XP level 2. HP: 19/19 MP: 2/2
   206 | D:1      | 206 ||| Stepping ~*~*~tactically~*~*~ (stealth).
   207 | D:1      | 207 ||| Stepping ~*~*~tactically~*~*~ (stealth).
   209 | D:1      | 209 ||| Stepping ~*~*~tactically~*~*~ (stealth).
   210 | D:1      | 210 ||| Stepping ~*~*~tactically~*~*~ (stealth).
   222 | D:1      | 222 ||| Stepping ~*~*~tactically~*~*~ (stealth).
   274 | D:1      | 274 ||| DROPPING +0 club.
   293 | D:1      | 293 ||| Stepping ~*~*~tactically~*~*~ (hiding).
   486 | D:1      | 486 ||| Stepping ~*~*~tactically~*~*~ (stealth).
   494 | D:1      | Reached skill level 3 in Axes
   648 | D:1      | Reached XP level 3. HP: 23/23 MP: 3/3
   819 | D:1      | 819 ||| UPGRADING to +0 chain mail.
   829 | D:1      | 829 ||| DROPPING +0 scale mail.
   830 | D:1      | 830 ||| READING scroll labelled LUIPHY OKHLIADA.
   831 | D:1      | 831 ||| READING scroll labelled VEESAC HIOS.
   832 | D:1      | 832 ||| READING scroll labelled IGETZIMEPT.
   833 | D:1      | 833 ||| READING scroll labelled SUEFUUGGIM.
   834 | D:1      | 834 ||| READING scroll labelled ZAABUSKENALU.
   894 | D:2      | 894 ||| Stepping ~*~*~tactically~*~*~ (stealth).
  1236 | D:2      | 1236 ||| DROPPING +0 whip.
  1282 | D:2      | Found a white marble altar of Elyvilon.
  1429 | D:2      | Reached XP level 4. HP: 28/28 MP: 4/4
  1459 | D:2      | 1459 ||| Stepping ~*~*~tactically~*~*~ (stealth).
  1539 | D:2      | 1539 ||| READING scroll labelled SONURA PUFF.
  1540 | D:2      | 1540 ||| DRINKING 2 amethyst potions.
  1622 | D:3      | Reached skill level 4 in Axes
  1639 | D:3      | Found Ukasteir's Antique Armour Shoppe.
  1642 | D:3      | 1642 ||| SHOPLISTING shiny scale mail (189 gold, have 158).
  1761 | D:3      | 1761 ||| Stepping ~*~*~tactically~*~*~ (stealth).
  2177 | D:3      | 2177 ||| DROPPING scarf of harm.
  2178 | D:3      | 2178 ||| UPGRADING to +0 helmet.
  2183 | D:3      | 2183 ||| READING 2 scrolls of identify.
  2183 | D:3      | 2183 ||| IDENTIFYING coppery potion
  2184 | D:3      | 2184 ||| DROPPING potion of ambrosia.
  2224 | D:4      | Noticed an ogre
  2226 | D:4      | Noticed Eustachio
  2231 | D:4      | HP: 2/28 [Eustachio/+0 rapier (8)]
  2231 | D:4      | Slain by Eustachio

Levels and vault maps discovered:
D:1:      psy_arrival_conway, layout_loops_ring, st_stairs_10,
          hangedman_decor_clover_reticule
D:2:      layout_basic, basic_altar
D:3:      layout_loops_ring, serial_shops, nicolae_shop_tiny_real_fake_doors
D:4:      layout_loops_ring, minmay_temple_entry_glassed_door, uniq_robin,
          uniq_eustachio, uniq_ijyb

Skill      XL: |  1  2  3  4 |
---------------+-------------+-----
Axes           | 2 3 4 |  4.2
Fighting       | |  3.2
Armour         | |  3.2
Shields        | |  3.2

Action                     |  1- 3 |  4- 6 || total
---------------------------+-------+-------++-------
  Melee: War axe           |    95 |    38 ||   133
    Use: Scroll            |     5 |     2 ||     7
         Potion            |       |     1 ||     1
 Armour: Scale mail        |    18 |       ||    18
         Chain mail        |    27 |    22 ||    49
  Dodge: Dodged            |    26 |    12 ||    38
  Block: Buckler           |    15 |     4 ||    19

Table legend:
 A = Non-vault XP
 B = Vault XP
 C = Vault XP percentage of total XP
 D = Non-vault monster count
 E = Vault monster count
 F = Vault count percentage of total count
                 A         B        C        D         E       F
            +---------+---------+-------+---------+---------+-------
      Total |     125 |       6 |   4.6 |      54 |       3 |   5.3
            +---------+---------+-------+---------+---------+-------
        D:1 |      34 |       6 |  15.0 |      20 |       3 |  13.0
        D:2 |      44 |       0 |   0.0 |      20 |       0 |   0.0
        D:3 |      47 |       0 |   0.0 |      14 |       0 |   0.0
            +---------+---------+-------+---------+---------+-------
